AoeStats
← Mr.Buffy

Arena

506266928Analyzed
1v1 RM · 20d ago on Sep 13, 2026· 32m 31s· 2 players
Game mode
Random Map
Map size
Tiny (2 player)
Population
200
Speed
Normal
Resources
Standard
Victory
Conquest
Starting age
Dark Age
Ending age
Imperial Age
RankedLock teamsTeams togetherTeam positionsShared explorationLock speedFull tech treeHidden civsTurbo modeCheats
Victory
Defeat
🇺🇸 Burmese · United States
1079
+15
🇦🇺 Malians · Australia
1050
-15
Mr.Buffy
11:25 Feudal Age
13:02 Horse Collar
15:49 Castle Age
16:44 Heavy Plow
17:50 Man-at-Arms
24:33 Redemption
25:05 Scale Mail Armor
25:17 Forging
26:59 Sanctity
26:02 Long Swordsman
28:03 Fervor
killadanben
9:59 Feudal Age
16:14 Castle Age
30:20 Husbandry
Connection lost

Rejoining the realm…

Still unreachable

The connection could not be restored.

Session expired

The server has moved on; the page needs a fresh start.